[Event "ESP-ch Teams Primera 2022"]
[Site "Sanxenxo Pontevedra"]
[Date "2022.09.21"]
[Round "5.7"]
[White "Vazquez Igarza, Renier"]
[Black "Alsina Leal, Daniel"]
[Result "1/2-1/2"]
[ECO "A34"]
[WhiteElo "2535"]
[BlackElo "2525"]
[Annotator "TA"]
[PlyCount "80"]
[EventDate "2022.09.17"]
[EventType "team-tourn"]
[EventCountry "ESP"]
[SourceTitle "playchess.com"]
[Source "ChessBase"]
[SourceQuality "1"]
[TimeControl "5400+30"]

1. Nf3 c5 2. c4 Nf6 3. Nc3 d5 4. cxd5 Nxd5 5. e3 e6 6. Nxd5 {[%emt 0:00:46] A17: English Opening: 1...Nf6 with ...Bb4.} exd5 7. Bb5+ Nc6 8. O-O {[%emt 0:02:48] [#] The position is equal.} Be7 $146 ({Predecessor:} 8... Bd6 9. d4 cxd4 10. Nxd4 O-O 11. Nxc6 bxc6 12. Bxc6 Bxh2+ 13. Kxh2 Qd6+ 14. Kg1 Qxc6 {½-½ (24) Abasov,N (2655)-Ragger,M (2669) Germany 2020}) 9. d4 O-O 10. dxc5 Bxc5 11. Bd2 Qd6 12. Rc1 (12. Qc2 {is more complex.} Bg4 13. Ng5 g6 14. Rac1) 12... Bb6 13. Bc3 Bg4 14. Be2 Rad8 15. Qa4 Bxf3 16. Bxf3 d4 $1 17. Bxc6 (17. exd4 $11 {keeps the balance.} Nxd4 18. Bxd4 Qxd4 19. Qb5) 17... dxc3 $17 18. Be4 cxb2 $40 {[%emt 0:01:23][%mdl 128] Black attacks with force.} 19. Rb1 Bc7 20. g3 Qb6 21. Qc2 Be5 22. Bxh7+ Kh8 {[%emt 0:00:04] White must now prevent ...g6.} 23. Be4 Rd7 24. Qa4 Rfd8 (24... Rc7 $17 25. Rfd1 g6) 25. Bf5 (25. Rbd1 $15 Rxd1 26. Rxd1) 25... Rd2 ({Black should try} 25... Rd6 26. Qh4+ Kg8 27. Qh7+ Kf8) 26. Bc2 (26. Rbd1 $17 Rxd1 27. Rxd1 Rxd1+ 28. Qxd1) 26... g6 $19 27. Bb3 Kg7 28. Qe4 Bf6 29. h4 Qc6 30. Qxc6 bxc6 31. Kg2 c5 32. Kf3 R8d3 33. Rfd1 a5 34. Bc2 (34. Rxd2 Rxd2 35. a4) 34... Rxd1 {[%emt 0:01:45] Black is clearly winning.} 35. Bxd1 {[%emt 0:00:02][%mdl 4096] Endgame KRB-KRB} Ra3 36. Bb3 {[%emt 0:01:07] [#]} a4 $1 37. Bd5 {[%emt 0:00:31] [#]} Rd3 $1 38. Ke4 Rd2 39. f4 Rc2 40. a3 c4 {[%emt 0:00:37][%mdl 32768] Weighted Error Value: White=0.60/Black=0.12 (very precise) . An unexpected result.} 1/2-1/2

[Event "ESP-ch Teams Primera 2022"]
[Site "Sanxenxo Pontevedra"]
[Date "2022.09.21"]
[Round "5.8"]
[White "Lorenzo De La Riva, Lazaro"]
[Black "Pulvett Marin, Daniel Eduardo"]
[Result "0-1"]
[ECO "B51"]
[WhiteElo "2430"]
[BlackElo "2497"]
[Annotator "TA"]
[PlyCount "56"]
[EventDate "2022.09.17"]
[EventType "team-tourn"]
[EventCountry "ESP"]
[SourceTitle "playchess.com"]
[Source "ChessBase"]
[SourceQuality "1"]
[TimeControl "5400+30"]

1. e4 c5 2. Nf3 d6 3. Bb5+ Nd7 4. Ba4 Ngf6 5. O-O Nxe4 6. Re1 $1 {B51: Sicilian: Moscow Variation (3 Bb5+) without 3...Bd7.} Nef6 7. d4 cxd4 8. Nxd4 {Hoping for Bf4. White is slightly better.} ({Of course not} 8. Qxd4 e5 $15) 8... e6 9. c4 Be7 10. Rxe6 $1 fxe6 11. Nxe6 Qa5 {Strongly threatening ...Kf7.} 12. Bd2 {[#]} (12. c5 $1 $11 {remains equal.} b5 13. Bxb5) 12... Kf7 $146 ({Predecessor:} 12... Qb6 13. Be3 Qxb2 14. Bd4 Qb4 15. Nc7+ Kd8 16. Nxa8 Nc5 {1-0 (26) Gullaksen,E (2344)-Wagner,D (2581) Chess.com INT 2020}) 13. Nc7 (13. Bxa5 $18 Kxe6 14. Nc3) 13... Qe5 $2 (13... Qxc7 $19 {has better winning chances.} 14. Nc3 Nb6) 14. Bc3 Qf4 (14... Qg5 $5 15. Nxa8 Nc5 $17) 15. g3 Qh6 {[%cal Od7c5] Threatens to win with ...Nc5!} (15... Qxc4 $2 16. Bb3 Qxb3 17. Qxb3+ d5 18. Bxf6 Nxf6 19. Nxa8 $18) 16. Nxa8 {Nc7 is the strong threat.} Ne5 {aiming for ...Bg4.} 17. Bxe5 (17. Nd2 $17 {is the only way for White.} Bg4 18. Qb3) 17... dxe5 $19 ({Weaker is} 17... Bg4 18. f3 dxe5 19. fxg4 $11) 18. Nc7 {[#]} Rd8 $1 $40 {[%mdl 1152] Black has strong compensation. Black attacks with force.} 19. Nd5 {[#]} Bc5 $1 20. Qf3 (20. h4 e4 21. Qc2 (21. Nbc3 $2 Qg6 $19)) 20... Bg4 {A strong pair of Bishops.} 21. Qd3 e4 {( -> ...Bxf2+)} 22. Qc3 {[#]} Bxf2+ $1 {[%mdl 576] Deflection, Decoy. Black mates.} 23. Kxf2 (23. Kg2 Qh3+) 23... Qxh2+ 24. Kf1 Bh3+ 25. Ke1 Qg1+ 26. Kd2 Nxd5 27. cxd5 Rxd5+ 28. Kc2 Qd1# {Weighted Error Value: White=1.09/Black=0.36} 0-1

[Event "ESP-ch Teams Primera 2022"]
[Site "Sanxenxo Pontevedra"]
[Date "2022.09.21"]
[Round "5.9"]
[White "Alonso Garcia, Aaron"]
[Black "Alonso Moyano, Jonathan"]
[Result "1-0"]
[ECO "B94"]
[WhiteElo "2427"]
[BlackElo "2348"]
[Annotator "TA"]
[PlyCount "115"]
[EventDate "2022.09.17"]
[EventType "team-tourn"]
[EventCountry "ESP"]
[SourceTitle "playchess.com"]
[Source "ChessBase"]
[SourceQuality "1"]
[TimeControl "5400+30"]

1. e4 c5 2. Nf3 d6 3. d4 cxd4 4. Nxd4 Nf6 5. Nc3 a6 6. Bg5 Nbd7 7. Bc4 {[%emt 0:00:06] 7.Qe2 is a critical line.} g6 8. Qe2 Qc7 {[%emt 0:03:52] B94: Sicilian Najdorf: 6 Bg5 Nbd7.} 9. O-O-O Bg7 10. Kb1 O-O {[%emt 0:00:52] White is slightly better.} 11. f4 {[%emt 0:04:04] White is much more active. The black rooks are badly placed.} (11. h4 $14) 11... e5 12. Nf3 {[%emt 0:00:16] [#]} h6 $146 ({Predecessor:} 12... b5 13. Bb3 Bb7 14. fxe5 dxe5 15. Rhf1 Rac8 16. g4 Kh8 17. Ne1 b4 18. Nd5 Nxd5 19. Bxd5 Bxd5 20. Rxd5 {½-½ (62) Ortiz Suarez,I (2545)-Fernandez de La Vara,A (2486) Villa Clara 2020}) 13. Bxf6 Nxf6 14. fxe5 dxe5 15. Nd5 Nxd5 16. Bxd5 Qe7 17. Rd3 Be6 18. Rhd1 Rac8 19. c3 Rc7 20. h3 Re8 21. g4 Qc5 22. Bxe6 fxe6 23. Rd8 Rxd8 24. Rxd8+ Kh7 25. a3 Rf7 26. Rd1 (26. Qd3 {with more complications.} b5 27. Nd2 Bf8 28. Rd7) 26... Rf4 (26... b5 $11) 27. Rf1 (27. Rd7 $16) 27... Qc6 $11 28. Nd2 Bf6 29. Qd3 Kg7 (29... a5 {is interesting.} 30. b4 Kg7 31. Kc2 b6) 30. Ka2 (30. b4 {looks sharper.} a5 31. Kb2 Bg5 32. Rxf4 exf4 33. Nf3) 30... Rxf1 31. Nxf1 {[%emt 0:01:30][%cal Bd2f1,Bf1h2,Bh2f3][%mdl 4128] Endgame KQB-KQN} Bg5 32. Nh2 Bf4 33. Nf3 Kf7 34. b4 b5 35. Kb3 Qb6 36. Qd7+ Kf6 (36... Kf8 $11) 37. Qe8 ({Better is} 37. h4 $1 $14) 37... g5 (37... Kg7 $11) 38. Qf8+ $16 Kg6 39. Qg8+ (39. Qc5 $1 $16 Qd8 40. Kc2 (40. Nxe5+ Bxe5 41. Qxe5 Qd1+ 42. Kb2 Qd2+ 43. Kb1 Qd1+ 44. Kb2 Qd2+ 45. Ka1 Qd1+ 46. Kb2 $11)) 39... Kf6 $11 40. Qh8+ Ke7 41. Nxe5 {[%emt 0:00:14] aiming for Qg7+.} Qg1 $2 {[%emt 0:01:27][%mdl 8192] [#] White stays focused until the end.} (41... Qd6 $1 $11 {and Black stays safe.} 42. Ng6+ Kf7 43. Nxf4 (43. Qxh6 $2 Qd1+ 44. Ka2 Qc2+ 45. Ka1 Qc1+ 46. Ka2 Qc2+ 47. Ka1 Qd1+ 48. Ka2 Qc2+ $19) 43... Qd1+ 44. Kb2 Qd2+ 45. Kb3 Qd1+ 46. Kb2 Qd2+ 47. Kb3 Qd1+) 42. Nc6+ $1 $18 Kd7 $2 (42... Kd6 43. Qd4+ Qxd4 44. Nxd4 Kd7) 43. Qd4+ {[%emt 0:00:02] White is clearly winning.} Qxd4 44. Nxd4 {KB-KN} Kd6 45. Nf3 e5 46. a4 Kc6 47. Ne1 bxa4+ 48. Kxa4 Bd2 49. Nc2 Bxc3 50. Ka5 Kb7 51. Ne3 {[%emt 0:00:07] And now Nf5 would win.} Bd4 52. Nf5 Bb6+ 53. Ka4 Kc6 (53... Bd8 $142 54. Nxh6 Bf6) 54. Nxh6 Be3 55. Ka5 Kb7 56. Nf7 Bf4 57. Nd8+ (57. b5 $142 Bd2+ 58. Ka4) 57... Kc7 {[%emt 0:00:55] [#]} 58. Ne6+ $1 {[%emt 0:00:02] Weighted Error Value: White=0.24 (precise) /Black=0.30} 1-0

[Event "ESP-ch Teams Primera 2022"]
[Site "Sanxenxo Pontevedra"]
[Date "2022.09.21"]
[Round "5.10"]
[White "Martinez Ramirez, Erik"]
[Black "Martin Duque, Jesus"]
[Result "0-1"]
[ECO "B10"]
[WhiteElo "2181"]
[BlackElo "2378"]
[Annotator "TA"]
[PlyCount "66"]
[EventDate "2022.09.17"]
[EventType "team-tourn"]
[EventCountry "ESP"]
[SourceTitle "playchess.com"]
[Source "ChessBase"]
[SourceQuality "1"]
[TimeControl "5400+30"]

1. e4 c6 2. Nf3 d5 3. d3 dxe4 4. dxe4 Qxd1+ 5. Kxd1 Nf6 6. Nfd2 {B10: Caro-Kann: 2 d3 and 2 c4.} g5 7. a4 Nbd7 {[#]} 8. f3 $146 {The position is equal.} ({Predecessor:} 8. Nc3 h5 9. Nc4 Bh6 10. h4 g4 11. Bg5 Nc5 12. f3 Be6 13. Ne3 Bg7 14. Be2 {0-1 (49) Vachier Lagrave,M (2838)-Dreev,A (2633) Riga 2021}) 8... h5 9. b4 h4 10. Nc4 g4 11. e5 Nd5 12. e6 fxe6 13. fxg4 Bg7 14. Ra3 b6 {Black is more active.} (14... Nxb4 $17 15. Nc3 Nc5) 15. Rb3 (15. Bd2 $11) 15... Bb7 $17 16. Be2 {[#]} (16. Bd3 $142) 16... c5 $1 17. b5 {[#]} h3 $1 $36 {[%mdl 2048] Black has strong initiative.} 18. Bf3 (18. Rxh3 $17 Rxh3 19. gxh3) 18... hxg2 $19 19. Rg1 (19. Bxg2 $142 Nc3+ 20. Nxc3 Bxg2 21. Rg1 Bf3+ 22. Ke1) 19... Rxh2 20. Ke2 Bd4 (20... Ne5 $142 21. Nxe5 Bxe5) 21. Rxg2 Rh1 22. Bd2 O-O-O 23. a5 (23. g5 $142) 23... e5 24. c3 Bg1 {[%cal Oe5e4] Hoping for ...e4! Really sharp!} 25. axb6 ({Don't play} 25. a6 Nf4+ 26. Bxf4 Bxf3+ 27. Kxf3 exf4 28. Kxf4 Bh2+ 29. Kf3 Bc7) (25. Rf2 $142 Rh3 26. Rf1) 25... axb6 {[%cal Oe5e4] And now ...e4! would win.} 26. Rf2 Bxf2 27. Bxh1 Bg3 28. Be4 Bf4 ({Black should play} 28... N7f6 $19 29. Bf5+ e6 30. Bxe6+ Kc7) 29. Bf5 (29. Bxf4 $17 exf4 30. Ra3) 29... Rh8 {...Kc7 is the strong threat.} 30. Bxf4 $2 (30. Ra3 $17) 30... Nxf4+ 31. Ke3 Rh3+ 32. Kd2 Rh2+ 33. Ke3 $2 (33. Kc1 $19 e6 34. Bc2) 33... Re2# {White got outplayed after the opening.  Weighted Error Value: White=0.61/Black=0.32} 0-1

[Event "ESP-ch Teams Primera 2022"]
[Site "Sanxenxo Pontevedra"]
[Date "2022.09.21"]
[Round "5.11"]
[White "Quispe Arteaga, Gabriel"]
[Black "Bosque Ortega, Xavier"]
[Result "1-0"]
[ECO "D15"]
[WhiteElo "2373"]
[BlackElo "2164"]
[Annotator "TA"]
[PlyCount "51"]
[EventDate "2022.09.17"]
[EventType "team-tourn"]
[EventCountry "ESP"]
[SourceTitle "playchess.com"]
[Source "ChessBase"]
[SourceQuality "1"]
[TimeControl "5400+30"]

1. d4 d5 2. c4 c6 3. Nc3 Nf6 4. Nf3 Bf5 5. cxd5 Nxd5 6. g3 {D15: Slav Defence: 4 Nc3 a6 and gambit lines after 4 Nc3 dxc4.} (6. Nd2 $14) 6... Nb4 $11 {Threatens to win with ...Nc2+.} 7. e4 Bg4 {aiming for ...Bxf3.} 8. Bc4 $1 {[%cal Of3e5] The position is equal.} e6 {[#]} (8... Bxf3 $11 {keeps the balance.} 9. Qxf3 Nc2+ 10. Kd2 Qxd4+ 11. Kxc2 Qxc4) 9. O-O $146 ({Predecessor:} 9. Bb3 Qf6 10. Bf4 Bxf3 11. Qxf3 g5 12. a3 N4a6 13. e5 Qf5 14. O-O-O gxf4 15. gxf4 {1-0 (32) Schlage,W-Helling,K Berlin 1929}) 9... Bxf3 10. Qxf3 Nc2 {[#]} 11. d5 Qf6 (11... Nxa1 12. dxe6) 12. Qe2 Nd4 (12... Nxa1 13. e5 Qf5 14. Bd3 $14) 13. Qd1 {Strongly threatening Be3.} Bc5 (13... b5 $16) 14. Be3 $18 O-O 15. Kg2 (15. Na4 $1 $18 {[%cal Ra4c5] and White stays clearly on top.} b6 16. Nxc5 bxc5 17. Bxd4 cxd4 18. dxe6 fxe6 19. f4) 15... b5 16. Bd3 a6 17. e5 Qxe5 {[#]} 18. Bf4 $1 {This bishop pair is nice.} Qf6 {[#]} 19. Ne4 $1 $40 {[%csl LRc5,LRf6][%mdl 128] White wants a kill. White is more active.} ({Stronger than} 19. Qh5 g6 20. Be5 gxh5 $17) 19... Qe7 (19... Qd8 $16) 20. d6 Qa7 {[#]} 21. Nf6+ {[%mdl 576] Discovered Attack} gxf6 22. Qg4+ Kh8 {And now ...f5 would win.} 23. Qh4 $1 Nf5 24. Bxf5 exf5 25. Qxf6+ Kg8 26. Be5 {Against Bd4.  Weighted Error Value: White=0.11 (very precise) /Black=0.70} 1-0

[Event "ESP-ch Teams Primera 2022"]
[Site "Sanxenxo Pontevedra"]
[Date "2022.09.21"]
[Round "5.12"]
[White "Castillo Escario, Yolanda"]
[Black "Pablos Tenrero, Raquel"]
[Result "1/2-1/2"]
[ECO "B32"]
[WhiteElo "2035"]
[BlackElo "1985"]
[Annotator "TA"]
[PlyCount "160"]
[EventDate "2022.09.17"]
[EventType "team-tourn"]
[EventCountry "ESP"]
[SourceTitle "playchess.com"]
[Source "ChessBase"]
[SourceQuality "1"]
[TimeControl "5400+30"]

1. e4 c5 2. Nf3 Nc6 3. d4 cxd4 4. Nxd4 e5 5. Nb5 d6 6. N1c3 a6 7. Na3 Be7 8. Nc4 b5 9. Ne3 Nf6 10. Bd3 O-O 11. O-O Be6 12. Ncd5 {Prevents Nb4. B32: Sicilian: Löwenthal and Kalashnikov Variations.} Rb8 13. c3 {[#]} Na5 $146 ({Predecessor:} 13... a5 14. Qf3 Qd7 15. Rd1 Rfc8 16. Be2 Bd8 17. Nxf6+ Bxf6 18. Nd5 Bxd5 19. Rxd5 Ne7 {½-½ (53) Tanaka,T (2158)-Gordon,D (2292) Ottawa 2018}) 14. b4 {White is better.} Nc4 $1 15. Nxc4 ({Much worse is} 15. Bxc4 bxc4 16. Nxf6+ Bxf6 $11) 15... bxc4 16. Bxc4 Nxe4 17. Qd3 (17. Bxa6 $16 Bxd5 18. Qxd5 Nxc3 19. Qc4) 17... Bxd5 $11 18. Bxd5 Nf6 19. a4 Qc7 20. Bd2 Rfc8 21. Rfd1 g6 (21... Nxd5 $11 {remains equal.} 22. Qxd5 Qc4 23. Qxc4 Rxc4) 22. Rac1 (22. Bb3 $16) 22... a5 (22... Nxd5 $11 23. Qxd5 Qc4) 23. Ba2 {This bishop pair is nice.} Bf8 24. Bg5 Nd7 (24... Kg7 $16 {was called for.} 25. h3 Qd8) 25. Qd5 (25. h4 $1 $18 ) 25... Nb6 $14 26. Qxa5 {Strongly threatening Qb5.} Ra8 27. Qb5 Rxa4 28. Be3 {White has more active pieces.} (28. Bb3 $14 Ra3 29. Rb1) 28... Rxa2 $15 29. Bxb6 (29. Qxb6 $15 Qxb6 30. Bxb6) 29... Qb7 $1 $17 {aiming for ...Ra6.} 30. Qd5 (30. c4 $17 {was necessary.}) 30... Qxd5 $19 31. Rxd5 {[#]} Rxc3 32. Rf1 (32. Rcd1 Rb3) 32... Rb3 33. Bc7 Rxb4 {Threatens to win with ...Rb7.} 34. Bxd6 Bxd6 35. Rxd6 {[%mdl 4096] Endgame KRR-KRR} Rbb2 36. Rf6 (36. Rdd1 $142) 36... Kg7 $17 37. Rf3 e4 38. Re3 f5 39. g3 Kf6 40. h4 g5 (40... Rd2 $17 41. Rc3 Rdb2 42. Rc6+ Kg7 43. Rc7+ Kh6) 41. hxg5+ Kxg5 42. Rc3 h5 43. Re3 $2 (43. Rc8 $11 {and White is okay.}) 43... Kg4 $19 44. Kg2 (44. Rc3) 44... Kg5 $2 (44... Rd2 {And now ...Rac2 would win.} 45. Kg1 h4 46. gxh4 Kxh4) 45. Kg1 Rd2 46. Kg2 $2 (46. Rb3) 46... Kg4 47. Kg1 Rab2 $2 (47... Rd3 {White must now prevent ...Rxe3.} 48. Rfe1 Rdd2) 48. Kg2 $2 (48. Rc3) 48... Rbc2 $1 49. Kg1 Kh3 (49... Rd3 $142 50. Rfe1 Kh3) 50. Rb3 Re2 $2 (50... Rd3 $19 51. Rb5 e3 52. Rxf5 e2 53. Rxh5+ Kg4 54. Rh4+ Kf5 55. Rh5+ Kf6) 51. Rb5 $15 Kg4 52. Kg2 $2 (52. Rb7 $15) 52... Kg5 $2 (52... h4 $19 53. Rb3 h3+ 54. Kg1 h2+ 55. Kh1 Rxf2) 53. Rb4 (53. Rb8 $1 $11) 53... h4 $17 54. gxh4+ Kxh4 {...Kg4 is the strong threat.} 55. Rb3 $2 (55. Rb8 $17 Kg4 56. Kg1) 55... f4 $19 56. Rh3+ (56. Rb8 $142 e3 57. Rh1+ Kg4 58. Rg8+ Kf5 59. Rf8+ Ke4 60. Re8+ Kf5 61. Rf8+ Ke4 62. Re8+ Kd4 63. Rd8+ Ke4 64. Re8+) 56... Kg4 57. Rh8 f3+ $2 ({Black should play} 57... e3 $1 $19 58. Rg8+ Kf5 59. Rf8+ Ke5 60. Re8+ Kd5) 58. Kg1 $15 Kf5 59. Rf8+ Kg6 60. Rg8+ Kf7 61. Rg3 Ke6 62. Rg5 Kf6 63. Rg8 Rc7 (63... Rcd2 $15 64. Rf8+ Kg5 65. Rg8+ Kh4 66. Rh8+ Kg5 67. Rg8+ Kh5 68. Rh8+ Kg6 69. Rg8+ Kh5 70. Rh8+ Kg4 71. Rg8+ Kf5 72. Rf8+ Kg5 73. Rg8+) 64. Rg3 $2 (64. Kh2 $11) 64... Kf5 $2 (64... Rec2 $19 65. Re1 Re2) 65. Ra1 $2 (65. Rg8 $17) 65... Kf4 $2 (65... Rec2 $19 66. Rg8 Rc1+ 67. Rxc1 Rxc1+ 68. Kh2 Rf1 69. Rf8+ Kg4 70. Rg8+ Kf5 71. Rf8+ Kg4 72. Rg8+ Kh5 73. Rh8+ Kg5) 66. Rg6 $2 (66. Rg8 $17 {was the crucial defense.}) 66... Rc5 $2 (66... Rcc2 $19 {is more deadly.} 67. Rf1 Ke5 68. Rg5+ Kf4) 67. Rf6+ $17 Rf5 68. Rg6 $2 (68. Rxf5+ $17 Kxf5 69. Kf1) 68... Rg5+ $2 (68... Rb2 $19 {has better winning chances.} 69. Rg8 Rbb5) 69. Rxg5 Kxg5 {KR-KR} 70. Kf1 $2 (70. Ra8 $17) 70... Rc2 (70... Rb2 $142 71. Ke1 Rb8) 71. Ke1 $19 Re2+ (71... Rc8 $142 72. Kd2 Kf4) 72. Kf1 {[#]} Kf4 $2 ({Black should try} 72... Rb2 $1 $19 73. Ke1 Rb8) 73. Rb1 $2 (73. Ra8 $15) 73... Ra2 74. Ke1 Ke5 $2 (74... Ra8 $19 75. Rd1 Rh8) 75. Rd1 $2 {[%mdl 8192] [#]} (75. Rb8 $15) 75... Rb2 $2 (75... Ra8 $1 $19 76. Rb1 Rh8 77. Rb5+ Kf4) 76. Kf1 $2 (76. Rd8 $15) 76... e3 $2 ({Better is} 76... Kf4 $19 {( -> ...Kg4)} 77. Ke1 Rb8) 77. fxe3 $11 {The position is equal.} Ke4 78. Ra1 Kxe3 79. Ra3+ Kf4 80. Ra8 Kg3 {What a fight!  Weighted Error Value: White=0.97/Black=0.91} 1/2-1/2

[Event "ESP-ch Teams Primera 2022"]
[Site "Sanxenxo Pontevedra"]
[Date "2022.09.21"]
[Round "5.13"]
[White "Vallejo Pons, Francisco"]
[Black "Bjerre, Jonas Buhl"]
[Result "1/2-1/2"]
[ECO "C43"]
[WhiteElo "2711"]
[BlackElo "2598"]
[Annotator "TA"]
[PlyCount "42"]
[EventDate "2022.09.17"]
[EventType "team-tourn"]
[EventCountry "ESP"]
[SourceTitle "playchess.com"]
[Source "ChessBase"]
[SourceQuality "1"]
[TimeControl "5400+30"]

1. e4 e5 2. Nf3 Nf6 3. d4 Nxe4 4. Bd3 d5 5. Nxe5 Nd7 6. Nc3 Nxc3 7. bxc3 Bd6 $1 {[%mdl 4] is currently scoring better than 7...Nxe5.} 8. O-O O-O 9. Re1 c5 {C43: Petroff Defence: 3 d4.} 10. Qf3 c4 11. Bf5 Nxe5 12. dxe5 $40 {[%mdl 128] aiming for Bxc8. White attacks.} Re8 13. Bxc8 Rxc8 {[#]} 14. exd6 $146 ({Predecessor:} 14. Bg5 Be7 15. e6 fxe6 16. Rxe6 Bxg5 17. Rxe8+ Qxe8 18. Qxd5+ Kh8 19. Qxg5 Qe2 20. Qf5 {½-½ (50) Nepomniachtchi,I (2773)-Dominguez Perez,L (2753) Bucharest 2022}) 14... Re6 $4 (14... Rxe1#) 15. h4 $4 Qxh4 $4 (15... Rxe1+ $19 16. Kh2 Qxh4+ 17. Qh3 Qxh3+ 18. gxh3 f6) 16. d7 $4 (16. Bf4 $18) 16... Rf8 $4 (16... Rxe1# {and life is good for Black.}) 17. Qxd5 $4 Rh6 $4 (17... Rxe1# {and all is fine.}) 18. g3 (18. Bxh6 $142 Qd8 19. Bg5 Qxd7 20. Qxd7 h6 {[#]} 21. Re8 $1 Rxe8 22. Qxe8+ Kh7 23. Qxf7 Kh8 24. Bf4 b5 25. Be5 Kh7 26. Qxg7#) 18... Qh2+ $18 19. Kf1 Qh3+ 20. Kg1 Qh2+ 21. Kf1 Qh3+ $1 {[%mdl 32768] Weighted Error Value: White=2.78/Black=0.85. An unexpected result.} 1/2-1/2

[Event "ESP-ch Teams Primera 2022"]
[Site "Sanxenxo Pontevedra"]
[Date "2022.09.21"]
[Round "5.15"]
[White "Fier, Alexandr"]
[Black "Andersen, Mads"]
[Result "*"]
[ECO "C50"]
[WhiteElo "2583"]
[BlackElo "2597"]
[Annotator "TA"]
[PlyCount "42"]
[EventDate "2022.09.17"]
[EventType "team-tourn"]
[EventCountry "ESP"]
[SourceTitle "playchess.com"]
[Source "ChessBase"]
[SourceQuality "1"]
[TimeControl "5400+30"]

1. e4 e5 2. Nf3 Nc6 3. Bc4 Nf6 4. d3 Bc5 5. Bg5 h6 6. Bh4 d6 7. c3 a6 {7...a5 is the recent fashion.} 8. Nbd2 {C54: Giuoco Piano: 4 c3 Nf6, main lines with 5 d4 and 5 d3.} Ba7 9. O-O Qe7 (9... g5 {is more complex.} 10. Bg3 Na5 11. Bd5 O-O) 10. Kh1 {White is slightly better.} g5 11. Bg3 O-O 12. a4 Nh5 13. b4 {[#]} Qf6 $146 ({Predecessor:} 13... Be6 14. b5 Na5 15. Bxe6 fxe6 16. d4 exd4 17. Nxd4 Nxg3+ 18. hxg3 Rf7 19. Qg4 c5 20. Nxe6 {1-0 (54) Adhiban,B (2660)-Van Foreest,J (2688) chess24.com INT 2021}) 14. Ne1 Qg6 15. Nc2 Kg7 16. b5 Ne7 (16... Na5 $1 $15) 17. bxa6 bxa6 18. d4 f5 {[#] White must now prevent ...f4.} 19. exf5 ({But not} 19. dxe5 f4 20. Be2 (20. exd6 cxd6 21. Qe2 fxg3 $17) 20... Nxg3+ 21. fxg3 dxe5 $15) (19. Be2 $11 Nxg3+ 20. fxg3) 19... Bxf5 $15 20. Rc1 Nxg3+ 21. hxg3 Qf6 {Weighted Error Value: White=0.20 (precise) /Black=0.13 (very precise)} *

[Event "ESP-ch Teams Primera 2022"]
[Site "Sanxenxo Pontevedra"]
[Date "2022.09.21"]
[Round "5.16"]
[White "Sousa, Andre Ventura"]
[Black "Glavina, Pablo"]
[Result "1/2-1/2"]
[ECO "D38"]
[WhiteElo "2449"]
[BlackElo "2400"]
[Annotator "TA"]
[PlyCount "60"]
[EventDate "2022.09.17"]
[EventType "team-tourn"]
[EventCountry "ESP"]
[SourceTitle "playchess.com"]
[Source "ChessBase"]
[SourceQuality "1"]
[TimeControl "5400+30"]

1. d4 Nf6 2. c4 e6 3. Nf3 d5 4. Nc3 Bb4 5. cxd5 exd5 6. Bg5 h6 7. Bh4 O-O {D38: Queen's Gambit Declined: Ragozin Defence (4 Nf3 Bb4).} 8. e3 Bf5 9. Be2 (9. Qb3 $5 Nc6 10. Bxf6 Qxf6 11. Qxd5 $14) 9... Nbd7 10. Qb3 Bxc3+ 11. Qxc3 Ne4 12. Qb3 (12. Qa5 $5 Ndf6 13. Ne5 $11) 12... Ndf6 13. O-O {[#]} Qd6 $146 ({Predecessor:} 13... Rb8 14. Qa3 a6 15. Ne5 Qd6 16. Qxd6 cxd6 17. Bxf6 Nxf6 18. Nd3 Rbc8 19. Rfc1 Rfe8 {1-0 (67) Lenic,L (2644)-Brkic,A (2600) Mali Losinj 2019}) 14. Rac1 Rab8 15. Qa4 g5 {[#] And now ...Bd7 would win.} 16. Bg3 Nxg3 17. hxg3 a6 18. Ne5 Ne4 19. Qa5 (19. g4 $5 f6 20. Nf7 (20. gxf5 fxe5 21. Bd3 Nf6 $11) 20... Rxf7 21. gxf5 $11) 19... f6 {The position is equal.} 20. Nd3 c6 21. Nc5 Nxc5 22. Qxc5 Qxc5 (22... Qd8 {keeps more tension.} 23. b4 Rc8 24. Qa5 Qxa5 25. bxa5 Kg7) 23. Rxc5 Bd7 24. Rc3 Kf7 25. a4 Ke7 26. a5 Kd6 27. Rb3 Kc7 28. f3 f5 29. Kf2 Rbe8 30. Rh1 Rf6 {An interesting draw.  Weighted Error Value: White=0.08 (flawless) /Black=0.04 (flawless)} 1/2-1/2